 Dungeon Sprint DCSS version 0.30.1-11-g7821555f0a (webtiles) character file.

Game seed: 5666978712232105472

1894 Groucho the Unseen (level 8, -1/46 HPs)
             Began as a Spriggan Brigand on Dec 17, 2023.
             Was a High Priest of Uskayaw.
             Shot with an arrow by a centaur warrior (17 damage)
             ... in the Dungeon (Sprint IX: "|||||||||||||||||||||||||||||").
             The game lasted 00:02:01 (387 turns).

Groucho the Unseen (Spriggan Brigand)                Turns: 387, Time: 00:02:02

Health: -1/46      AC:  5    Str:  7    XL:     8   Next: 93%
Magic:  6/16       EV: 18    Int: 12    God:    Uskayaw [*****.]
Gold:   0          SH:  0    Dex: 22    Spells: 7/7 levels left

rFire   . . .        a - +2 dagger
rCold   . . .        (no shield)
rNeg    . . .        b - +0 robe
rPois   .            (helmet restricted)
rElec   .            c - +0 cloak
rCorr   .            (gloves unavailable)
SInv    +            (boots unavailable)
Will    +....        (no amulet)
Stlth   +++++++      o - +2 ring of protection
HPRegen 0.27/turn    p - +3 ring of dexterity
MPRegen 0.15/turn

%: no teleportation
@: hasted, invisible (expiring), very quick
A: very small, no large weapons, unfitting armour, see invisible, speed 3
a: Renounce Religion, Stomp, Line Pass, Grand Finale


You were in the Dungeon.
You worshipped Uskayaw.
Uskayaw was aware of your devotion.
You visited 1 branch

Inventory:

Hand Weapons
 a - a +2 dagger (weapon)
 n - a +2 rapier of draining
Missiles
 d - 9 poisoned darts (quivered)
 e - 3 curare-tipped darts
Armour
 b - a +0 robe (worn)
 c - a +0 cloak (worn)
Jewellery
 o - a +2 ring of protection (left hand)
 p - a +3 ring of dexterity (right hand)
Wands
 m - a wand of light (10)
Scrolls
 k - 2 scrolls of blinking
 l - 2 scrolls of amnesia
Potions
 f - 4 potions of curing
 g - 3 potions of heal wounds
 i - 4 potions of magic


   Skills:
 + Level 7.0 Fighting
 + Level 11.7 Short Blades
 - Level 2.0 Throwing
 - Level 3.0 Dodging
 + Level 17.0 Stealth
 + Level 10.5 Invocations


You had 7 spell levels left.
You didn't know any spells.
Your spell library was empty.

Dungeon Overview and Level Annotations

Branches:
Dungeon (1/1)

Altars:
Cheibriados
Dithmenos
Elyvilon
Fedhas
Gozag
Hepliaklqana
Kikubaaqudgha
Makhleb
Nemelex Xobeh
Okawaru
Qazlal
Ru
Sif Muna
Trog
Uskayaw
Vehumet
Wu Jian
Xom
Yredelemnul
Zin
The Shining One
Jiyva
Lugonu


Innate Abilities, Weirdness & Mutations

You are very small and have problems with some larger weapons.
You are too small for most types of armour.
You have supernaturally acute eyesight. (SInv)
You cover ground extremely quickly. (Speed+++)


Message History

Unknown command.
The centaur warrior unwields a +0 longbow.
The centaur warrior closely misses you.
The centaur warrior completely misses you.
Things that are here:
a +0 shortbow; a centaur corpse Unknown command.
You hit the centaur warrior.
The centaur warrior is lightly wounded.
Uskayaw links your audience in an emotional bond!
You hit the centaur warrior.
You punch the centaur warrior, but do no damage.
The centaur warrior is moderately wounded.
The centaur warrior barely misses you. x2
Unknown command.
You completely miss the centaur warrior.
The centaur warrior is moderately wounded.
Unknown command.
You completely miss the centaur warrior.
The centaur warrior is moderately wounded.
The centaur warrior hits you. The centaur warrior barely misses you.
Unknown command.
Unknown command.
You hit the centaur warrior but do no damage.
The centaur warrior is moderately wounded.
Unknown command.
You hit the centaur warrior.
The centaur warrior is heavily wounded.
You flicker for a moment.
The centaur warrior misses you.
The centaur warrior completely misses you.
Unknown command.
You completely miss the centaur warrior.
The centaur warrior is heavily wounded.
Unknown command.
You completely miss the centaur warrior.
The centaur warrior is heavily wounded.
The centaur warrior wields a +0 longbow.
The centaur warrior shoots an arrow.
The arrow hits you!
You die...

▓.▓
▓.▓
▓)▓
▓)▓
▓)▓
▓.▓
▓)▓
▓.▓
▓@▓
▓c▓
▓x▓
▓u▓
▓x▓
▓+▓


You could see a purple ugly thing (wandering, unable to see you, pain bonded), a
centaur warrior (unable to see you, pain bonded) and 2 unseen horrors.

Vanquished Creatures
  A centaur warrior (D)
  A two-headed ogre (D)
  A gargoyle (D)
  A troll (D)
  A wraith (D)
  A vampire (D)
  A gnoll sergeant (D)
  A scorpion (D)
  A hound (D)
  An iguana (D)
  An orc wizard (D)
  An adder (D)
  An ufetubus (D)
  A bat (D)
  A giant cockroach (D)
  2 frilled lizards (D)
  A rat (D)
18 creatures vanquished.

Notes
Turn   | Place    | Note
-------+----------+-------------------------------------------
     0 | D        | Groucho the Spriggan Brigand began the quest for the Orb.
     0 | D        | Reached XP level 1. HP: 10/10 MP: 2/2
     8 | D        | Reached skill level 6 in Stealth
    15 | D        | Reached skill level 1 in Invocations
    26 | D        | Noticed an iguana
    26 | D        | Noticed a hound
    26 | D        | Noticed a scorpion
    28 | D        | Killed an iguana
    29 | D        | Reached skill level 7 in Stealth
    29 | D        | Reached XP level 2. HP: 16/16 MP: 2/4
    29 | D        | Reached XP level 3. HP: 19/19 MP: 2/5
    36 | D        | Reached skill level 8 in Stealth
    36 | D        | Reached XP level 4. HP: 24/24 MP: 2/7
    45 | D        | Killed a scorpion
    46 | D        | Reached skill level 5 in Short Blades
    46 | D        | Reached skill level 10 in Stealth
   299 | D        | Found a snail-covered altar of Cheibriados.
   299 | D        | Found a shadowy altar of Dithmenos.
   299 | D        | Found a white marble altar of Elyvilon.
   299 | D        | Found a blossoming altar of Fedhas.
   299 | D        | Found an opulent altar of Gozag.
   300 | D        | Found a hazy altar of Hepliaklqana.
   301 | D        | Found a viscous altar of Jiyva.
   302 | D        | Found an ancient bone altar of Kikubaaqudgha.
   303 | D        | Found a corrupted altar of Lugonu.
   304 | D        | Found a burning altar of Makhleb.
   305 | D        | Found a sparkling altar of Nemelex Xobeh.
   306 | D        | Found an iron altar of Okawaru.
   307 | D        | Found a stormy altar of Qazlal.
   308 | D        | Found a sacrificial altar of Ru.
   309 | D        | Found a shimmering blue altar of Sif Muna.
   310 | D        | Found a bloodstained altar of Trog.
   311 | D        | Found a hide-covered altar of Uskayaw.
   312 | D        | Found a radiant altar of Vehumet.
   313 | D        | Found an ornate altar of the Wu Jian Council.
   314 | D        | Found a shimmering altar of Xom.
   315 | D        | Found a basalt altar of Yredelemnul.
   316 | D        | Found a glowing silver altar of Zin.
   317 | D        | Found a glowing golden altar of the Shining One.
   319 | D        | Became a worshipper of Uskayaw the Reveller
   347 | D        | Noticed a troll
   347 | D        | Noticed a vampire
   347 | D        | Noticed a two-headed ogre
   347 | D        | Noticed a gnoll sergeant
   347 | D        | Noticed a wraith
   350 | D        | Reached * piety under Uskayaw
   352 | D        | Killed a troll
   352 | D        | Reached ** piety under Uskayaw
   353 | D        | Reached skill level 12 in Stealth
   353 | D        | Reached XP level 5. HP: 14/28 MP: 8/11
   353 | D        | Reached XP level 6. HP: 16/32 MP: 8/12
   358 | D        | Reached skill level 13 in Stealth
   359 | D        | Killed a vampire
   363 | D        | Reached skill level 14 in Stealth
   363 | D        | Reached XP level 7. HP: 17/37 MP: 4/14
   365 | D        | Killed a two-headed ogre
   365 | D        | Reached *** piety under Uskayaw
   366 | D        | Reached skill level 5 in Fighting
   366 | D        | Reached skill level 10 in Short Blades
   366 | D        | Reached skill level 15 in Stealth
   366 | D        | Reached XP level 8. HP: 21/44 MP: 4/16
   367 | D        | Reached **** piety under Uskayaw
   370 | D        | Noticed a gargoyle
   370 | D        | Noticed a centaur warrior
   370 | D        | Noticed a centaur warrior
   370 | D        | Noticed an unseen horror
   370 | D        | Noticed a purple ugly thing
   370 | D        | Noticed an unseen horror
   372 | D        | Killed a gargoyle
   373 | D        | Reached skill level 16 in Stealth
   373 | D        | Reached skill level 10 in Invocations
   378 | D        | Killed a centaur warrior
   378 | D        | Reached ***** piety under Uskayaw
   379 | D        | Reached skill level 17 in Stealth
   387 | D        | Shot with an arrow by a centaur warrior

Illustrated notes

Levels and vault maps discovered:
D:        linesprint [early_d, line_temple, items_1, d_10, items_2, lair_1,
          lair_end, items_3, orc_1, orc_end, items_4, d_15, swamp_1, shoals_1,
          snake_1, spider_1, d_20, vaults_1, items_5, swamp_end, shoals_end,
          snake_end, spider_end, vaults_end, d_27, items_6, zot_1, zot_end,
          crypt_end, forest_end, elf_end, slime_end, tomb_end, abyss_end,
          pan_hell_end]

Skill      XL: |  1  2  3  4  5  6  7  8 |
---------------+-------------------------+-----
Stealth        | 7 8 12 14 15 17 | 17.0
Dodging        | 3 |  3.0
Invocations    | 2 3 7 8 9 10 | 10.5
Fighting       | 2 3 4 5 7 |  7.0
Short Blades   | 3 4 8 9 10 11 | 11.7
Throwing       | |  2.0

Action                     |  1- 3 |  4- 6 |  7- 9 || total
---------------------------+-------+-------+-------++-------
  Melee: Dagger            |    22 |    25 |    17 ||    64
         Punch             |     1 |       |     1 ||     2
 Invoke: Line Pass         |       |     1 |       ||     1
    Use: Potion            |     1 |     3 |       ||     4
   Stab: Sleeping          |     1 |       |       ||     1
         Invisible         |       |     3 |     3 ||     6
         Confused          |       |     1 |       ||     1
         Paralysed         |       |       |     1 ||     1
 Armour: Robe              |     2 |     1 |     2 ||     5
  Dodge: Dodged            |    10 |    19 |     9 ||    38
